 Dungeon Crawl Stone Soup version 0.29.1-1-gd02db6906a (webtiles) character file.

Game seed: 2096183153814358889

10 hilljack the Digger (level 2, 0/16 HPs)
             Began as a Gargoyle Earth Elementalist on Oct 2, 2022.
             Slain by a rat (2 damage)
             ... on level 1 of the Dungeon.
             The game lasted 00:01:03 (326 turns).

hilljack the Digger (Gargoyle Earth Elementalist)    Turns: 326, Time: 00:01:04

Health: 0/16       AC:  4    Str: 11    XL:     2   Next: 20%
Magic:  2/5        EV: 12    Int: 15    God:
Gold:   16         SH:  0    Dex: 10    Spells: 4/5 levels left

rFire   . . .      SeeInvis .   e - +2 whip (elec)
rCold   . . .      Faith    .   (no shield)
rNeg    + . .      Spirit   .   a - +0 robe
rPois   ∞          Reflect  .   (no helmet)
rElec   +          Harm     .   (no cloak)
rCorr   .          Rampage  .   (no gloves)
Will    .....                   (no boots)
Stlth   ++........              (no amulet)
HPRegen 0.05/turn               (no ring)
MPRegen 0.09/turn               (no ring)

@: no status effects
A: sickness immunity, AC +2, negative energy resistance 1, electricity
resistance, torment resistance 1, petrification resistance
a: no special abilities


You were on level 1 of the Dungeon.
You visited 1 branch of the dungeon, and saw 1 of its levels.

You collected 16 gold pieces.

Inventory:

Hand Weapons
 c - a +0 dagger of venom
 e - a +2 whip of electrocution (weapon)
Armour
 a - a +0 robe (worn)
Scrolls
 d - a scroll of amnesia {unknown}
Potions
 b - a potion of magic


   Skills:
 + Level 0.5 Fighting
 + Level 0.5 Armour
 + Level 1.7 Dodging
 - Level 2.2 Stealth
 + Level 2.1 Spellcasting
 - Level 0.7 Transmutations
 + Level 3.8 Earth Magic


You had 4 spell levels left.
You knew the following spells:

 Your Spells              Type           Power      Damage    Failure   Level
a - Sandblast             Erth           26%        2d8       4%          1

Your spell library contained the following spells:

 Spells                   Type           Power      Damage    Failure   Level
 Passwall                 Tmut/Erth      6%         N/A       13%         2
 Stone Arrow              Conj/Erth      14%        3d7       30%         3
 Petrify                  Tmut/Erth      8%         N/A       63%         4


Dungeon Overview and Level Annotations

Branches:
Dungeon (1/15)

Altars:


Innate Abilities, Weirdness & Mutations

You are immune to sickness and miasma.
Your stone body is resilient. (AC +2)
You are immune to poison.
You resist negative energy. (rN+)
You are resistant to electric shocks. (rElec)
You are resistant to unholy torment.
You are immune to petrification.


Message History

The kobold hits you with a +2 whip of electrocution.
* * * LOW HITPOINT WARNING * * *
Casting: Sandblast (safe; 4% risk of failure)
Confirm with . or Enter, or press ? or * to list all spells.
Aiming: Sandblast (safe; 4% risk of failure)
Press: ? - help, Shift-Dir - straight line, f/p - kobold
Aim: a kobold, wielding a +2 whip of electrocution (severely wounded, 77% to hit)
The blast of sand hits the kobold.
You kill the kobold!
Casting: Sandblast (safe; 4% risk of failure)
Confirm with . or Enter, or press ? or * to list all spells.
Aiming: Sandblast (safe; 4% risk of failure)
Press: ? - help, Shift-Dir - straight line, f - rat
Aim: a rat (82% to hit)
The blast of sand hits the rat!
You kill the rat!
A goblin comes into view. It is wielding a +0 dagger.
The goblin shouts!
You hear a shout!
A goblin comes into view. It is wielding a +0 club.
Things that are here:
a +2 whip of electrocution; a rat corpse Your +0 dagger of venom stops dripping with poison.
You hear the crackle of electricity.
e - a +2 whip of electrocution (weapon)
The bat barely misses you. The bat hits you but does no damage.
The bat closely misses you.
A rat comes into view.
The bat hits you but does no damage. The bat hits you but does no damage.
The bat attacks as you move away! The bat misses you.
The rat attacks as you move away! The rat completely misses you.
The bat barely misses you. The bat closely misses you. The rat bites you.
* * * LOW HITPOINT WARNING * * *
The bat hits you but does no damage. The rat attacks as you move away!
The rat closely misses you. The bat closely misses you.
The rat attacks as you move away! The rat bites you.
You die...

..##..>.....#.≈≈≈##..#
..#........#.#####<.#
#.#.....†..#.+...##'#
#.#.###.####.#.♣.#.[#
#...# #)# #.'...'.##
##..# #(# #.#####.#
#..# #.####..PPP###
#..# #.#.......8#
#..###.#@########
#...##.br#
#.#.....######.
#.####.####.........
#.......####g..#.#.#
######..g........#
#.g####.....## #†##
...#.....
#g.....###.##.....


You could see a goblin, a bat and a rat.

Vanquished Creatures
  2 bats (D:1)
  An endoplasm (D:1)
  A giant cockroach (D:1)
  A goblin (D:1)
  A hobgoblin (D:1)
  2 kobolds (D:1)
  A rat (D:1)
9 creatures vanquished.

Notes
Turn   | Place    | Note
-------+----------+-------------------------------------------
     0 | D:1      | hilljack the Gargoyle Earth Elementalist began the quest
                  | for the Orb.
     0 | D:1      | Reached XP level 1. HP: 10/10 MP: 3/3
    62 | D:1      | Reached XP level 2. HP: 14/16 MP: 0/5
   326 | D:1      | Slain by a rat

Illustrated notes

Levels and vault maps discovered:
D:1:      sevenhm_arrival_forest_fort_small_3, layout_rooms,
          nicolae_grassy_gnolls

Action                   || total
-------------------------++-------
Melee: Dagger            ||     9
       Unarmed           ||     2
 Cast: Sandblast         ||    11
Armor: Robe              ||    12
Dodge: Dodged            ||    18
